 Dungeon Crawl Stone Soup version 0.25-a0-992-gca090100c3 (webtiles) character file.

Game seed: 9406112026126175345, levelgen mode: deterministic

42 gruber the Shield-Bearer (level 3, 0/26 HPs)
             Began as an Octopode Fighter on May 10, 2020.
             Succumbed to an adder's poison
             ... on level 3 of the Dungeon.
             The game lasted 00:01:07 (1064 turns).

gruber the Shield-Bearer (Octopode Fighter)         Turns: 1064, Time: 00:01:08

Health: 0/26       AC:  1    Str: 16    XL:     3   Next: 54%
Magic:  3/3        EV: 11    Int: 10    God:
Gold:   111        SH:  9    Dex: 11    Spells: 2/2 levels left

rFire    . . .     SeeInvis .   a - +0 trident
rCold    . . .     Gourm    .   b - +0 kite shield
rNeg     . . .     Faith    .   (helmet restricted)
rPois    .         Spirit   .   (no amulet)
rElec    .         Reflect  .   (no ring)
rCorr    .         Harm     .   (no ring)
MR       .....                  (no ring)
Stlth    ++........             (no ring)
HPRegen  0.08/turn              (no ring)
MPRegen  0.08/turn              (no ring)
                                (no ring)
                                (no ring)

@: lethally poisoned (0 -> -13)
A: almost no armour, stealthy swim, amphibious, 8 rings, constrict 8, camouflage
1, gelatinous body 1
a: no special abilities


You were on level 3 of the Dungeon.
You were hungry.

You visited 1 branch of the dungeon, and saw 3 of its levels.

You collected 111 gold pieces.

Inventory:

Hand Weapons
 a - a +0 trident (weapon)
Armour
 b - a +0 kite shield (worn)
Scrolls
 e - a scroll of teleportation {unknown}
 g - 2 scrolls of identify {unknown}
 i - a scroll of fog {unknown}
 j - a scroll of remove curse {unknown}
Potions
 c - a potion of might
 h - a potion of heal wounds {unknown}
 k - a potion of stabbing {unknown}
Comestibles
 d - a ration
 f - a chunk of flesh


   Skills:
 - Level 3.0 Fighting
 - Level 3.0 Polearms
 - Level 3.0 Dodging
 * Level 3.7 Shields


You had 2 spell levels left.
You didn't know any spells.
Your spell library was empty.

Dungeon Overview and Level Annotations

Branches:
Dungeon (2/15)

Altars:


Innate Abilities, Weirdness & Mutations

You cannot wear most types of armour.
You are very stealthy in the water. (Stealth+)
You are amphibious.
You can wear up to eight rings at the same time.
You can use your tentacles to constrict eight enemies at once.
Your skin changes colour to match your surroundings (Stealth+).
Your rubbery body absorbs attacks. (AC +1, EV +1)


Message History

You feel sick. The adder bites you.
You are more poisoned.
The adder poisons you! The adder bites you.
You are too injured to fight recklessly!
You are too injured to fight recklessly!
You are too injured to fight recklessly!
You closely miss the adder. Your grab misses the adder. You squeeze the adder!
The adder is almost dead.
You feel sick. You block the adder's attack.
You closely miss the adder. Your grab misses the adder.
You squeeze the adder, but do no damage.
The adder is almost dead.
You feel sick. The adder bites you.
* * * LOW HITPOINT WARNING * * *
The adder bites you.
* * * LOW HITPOINT WARNING * * *
Unknown command.
You closely miss the adder. Your grab misses the adder.
The adder is almost dead.
You die...

#.#......
###.......
.....o...###
.........(
....#Ko.#
...##r#
#..##g#
#..##S#
#..##@#
#..##.#.#.#
#.......>.#
#.####..###
#.# ..# #.#
..# #.# ..#
#.# ..# ..
..#


You could see an adder, an orc, a quokka, a hobgoblin and a kobold.

Vanquished Creatures
  2 oozes
  A dart slug (D:1)
  A leopard gecko (D:1)
  A ball python (D:1)
  4 bats
  A giant cockroach (D:2)
  5 goblins (D:1)
  2 hobgoblins (D:1)
  2 frilled lizards
  5 kobolds (D:1)
  5 rats (D:1)
29 creatures vanquished.

Notes
Turn   | Place    | Note
-------+----------+-------------------------------------------
     0 | D:1      | gruber the Octopode Fighter began the quest for the Orb.
     0 | D:1      | Reached XP level 1. HP: 16/16 MP: 1/1
   233 | D:1      | Reached XP level 2. HP: 19/21 MP: 2/2
   692 | D:1      | Reached XP level 3. HP: 26/26 MP: 3/3
  1042 | D:2      | You fall into a shaft and drop 1 floor!
  1063 | D:3      | HP: 1/26 [adder (4)]
  1064 | D:3      | Succumbed to an adder's poison

Illustrated notes

Levels and vault maps discovered:
D:1:      scummos_arrival_hexagon, layout_basic, minmay_pentomino_t2
D:2:      layout_rooms, lemuel_doored_altar, minmay_misc_feat_pillars,
          cheibrodos_gnoll_hut
D:3:      layout_loops_ring, first_ration

Skill      XL: |  1  2 |
---------------+-------+-----
Polearms       | 3 |  3.0
Fighting       | |  3.0
Dodging        | |  3.0
Shields        | |  3.7

Action                   || total
-------------------------++-------
Melee: Trident           ||    70
       Constrict         ||    14
       Tentacles         ||     9
 Stab: Sleeping          ||     8
       Distracted        ||     1
Armor: Skin              ||     5
Dodge: Dodged            ||    22
Block: Kite shield       ||    27

Table legend:
 A = Non-vault XP
 B = Vault XP
 C = Vault XP percentage of total XP
 D = Non-vault monster count
 E = Vault monster count
 F = Vault count percentage of total count
                 A         B        C        D         E       F
            +---------+---------+-------+---------+---------+-------
      Total |      59 |       1 |   1.7 |      28 |       1 |   3.4
            +---------+---------+-------+---------+---------+-------
        D:1 |      48 |       1 |   2.0 |      24 |       1 |   4.0
        D:2 |       3 |       0 |   0.0 |       2 |       0 |   0.0
        D:3 |       8 |       0 |   0.0 |       2 |       0 |   0.0
            +---------+---------+-------+---------+---------+-------
